 Dungeon Crawl Stone Soup version 0.30-a0-852-g08b95dd62f (webtiles) character file.

Game seed: 12530163117014687766

7 Firecrotchwizard the Magician (level 2, -1/22 HPs)
             Began as a Djinni Fire Elementalist on Mar 5, 2023.
             Slain by a quokka (3 damage)
             ... on level 1 of the Dungeon.
             The game lasted 00:00:42 (76 turns).

Firecrotchwizard the Magician (DjFE)                  Turns: 76, Time: 00:00:42

Health: -1/22      AC:  2    Str:  7    XL:     2   Next: 5%
Gold:   0          EV: 12    Int: 16    God:
                   SH:  0    Dex: 13

rFire   + + .      SeeInvis .    (no weapon)
rCold   x . .      Faith    .    (no shield)
rNeg    . . .      Spirit   .    a - +0 robe
rPois   ∞          Reflect  .    (no helmet)
rElec   .          Rampage  .    (no cloak)
rCorr   .                        (no gloves)
Will    .....                    (boots unavailable)
Stlth   ++                       (no amulet)
HPRegen 0.23/turn                (no ring)
MPRegen 0.00/turn                (no ring)

@: flying, very slightly contaminated
A: sickness immunity, fire resistance 2, cold vulnerability 1, float, innate
caster, HP casting, extra vitality 1
a: no special abilities


You were on level 1 of the Dungeon.
You visited 1 branch of the dungeon, and saw 1 of its levels.

Inventory:

Armour
 a - a +0 robe (worn)


   Skills:
 + Level 1.0 Fighting
 - Level 2.1 Dodging
 - Level 1.5 Stealth
 + Level 2.6 Spellcasting


You knew the following spells:

 Your Spells              Type           Power      Damage    Failure   Level
a - Foxfire               Conj/Fire      40%        2x1d6     7%          1
b - Scorch                Fire           20%        2d6       10%         2
c - Kindle Blastsparks    Fire/Tloc/Air  20%        2d11      21%         3
d - Inner Flame           Hex/Fire       10%        N/A       21%         3
e - Flame Wave            Conj/Fire      10%        2d6       54%         4
Your spell library was empty.

Dungeon Overview and Level Annotations

Branches:
Dungeon (1/15)

Altars:


Innate Abilities, Weirdness & Mutations

You are immune to sickness and miasma.
You are immune to poison.
Your flesh is very heat resistant. (rF++)
You are vulnerable to cold. (rC-)
You float through the air rather than walking.
You learn spells naturally, not from books.
Your magical power is your life essence.
You have superior vitality. (+4 MHP)


Message History

Found a staircase leading out of the dungeon.
You begin with the following spells memorised: Foxfire, Scorch, Kindle Blastsparks, Inner Flame, Flame Wave.
A quokka comes into view.
You conjure some foxfire!
You take 1 damage, and have 14/15 hp.
The foxfire hits the quokka. x2
Health restored: 15 You conjure some foxfire!
You take 1 damage, and have 14/15 hp.
The foxfire hits the quokka.
You kill the quokka!
An endoplasm comes into view.
Health restored: 15 You conjure some foxfire!
You take 1 damage, and have 14/15 hp.
You conjure some foxfire!
You take 1 damage, and have 13/15 hp.
The endoplasm quivers.
The foxfire hits the endoplasm.
You conjure some foxfire!
You take 1 damage, and have 13/15 hp.
The foxfire hits the endoplasm.
You kill the endoplasm!
You conjure some foxfire!
You take 1 damage, and have 13/16 hp.
A sourceless malevolence fills the Dungeon... and a teleportation trap spontaneously manifests!
You are yanked towards some nearby monsters!
Your surroundings suddenly seem different. 2 jackals come into view.
Health restored: 16 The jackal barks! x2
A jackal comes into view.
A quokka comes into view.
You conjure some foxfire!
The jackal bites you.
You take 1 damage, and have 15/16 hp.
The foxfire hits the jackal.
A quokka comes into view.
You conjure some foxfire!
The jackal bites you.
You take 3 damage, and have 12/16 hp.
The jackal attacks as you move away! The jackal closely misses you.
The jackal attacks as you move away! The jackal barely misses you.
The foxfire hits the jackal.
You conjure some foxfire!
The jackal barely misses you.
The foxfire hits the jackal.
The jackal misses you. The jackal attacks as you move away!
The jackal closely misses you. The jackal attacks as you move away!
The jackal misses you. The jackal attacks as you move away!
The jackal barely misses you. The jackal bites you.
You take 2 damage, and have 10/16 hp.
You conjure some foxfire!
The jackal bites you.
You take 2 damage, and have 8/16 hp.
The foxfire hits the jackal.
You kill the jackal!
The foxfire hits the jackal.
You kill the jackal!
You conjure some foxfire!
You take 1 damage, and have 8/16 hp.
The foxfire hits the quokka. x2
You miscast Foxfire.
You are very lightly contaminated with residual magic.
Nothing appears to happen.
The quokka closely misses you.
You take 1 damage, and have 7/16 hp.
The quokka attacks as you move away! The quokka bites you.
You conjure some foxfire!
The quokka bites you.
* * * LOW HITPOINT WARNING * * *
The quokka bites you.
* * * LOW HITPOINT WARNING * * *
The quokka misses you.
You take 5 damage, and have 2/16 hp.
MASSIVE DAMAGE!!
The foxfire hits the quokka.
The jackal attacks as you move away!
The jackal bites you but does no damage.
The jackal closely misses you.
Your magical contamination has completely faded away.
The jackal completely misses you. The jackal closely misses you.
The jackal attacks as you move away! The jackal barely misses you.
The jackal barely misses you.
You conjure some foxfire!
* * * LOW HITPOINT WARNING * * *
The jackal barely misses you. x2
The foxfire hits the jackal. x2
You kill the jackal!
Your Fighting skill increases to level 1!
You have reached level 2!
You miscast Foxfire.
You are very lightly contaminated with residual magic.
Nothing appears to happen.
* * * LOW HITPOINT WARNING * * *
The quokka bites you.
* * * LOW HITPOINT WARNING * * *
You take 3 damage, and have 3/22 hp.
You conjure some foxfire!
* * * LOW HITPOINT WARNING * * *
The quokka bites you but does no damage.
The quokka barely misses you.
The quokka bites you but does no damage.
You take 1 damage, and have 2/22 hp.
The quokka attacks as you move away! The quokka bites you.
You die...

#........#r...####
#..........##.#
#.####.....##.#
#†#..+.....##.#
###.###.#.##....###.# .
........#.##........#.#
...........#..........#
...###........r......##
..
+.........@r.......?..
##.......v........###.
#...................
#(.##............###
#.. ###........$.# ...
.............#
#.#...........#
....)........##


You could see 2 quokkas.

Vanquished Creatures
  An endoplasm (D:1)
  3 jackals (D:1)
  A quokka (D:1)
5 creatures vanquished.

Vanquished Creatures (others)
  19 foxfires (D:1)
19 creatures vanquished.

Grand Total: 24 creatures vanquished

Notes
Turn   | Place    | Note
-------+----------+-------------------------------------------
     0 | D:1      | Firecrotchwizard the Djinni Fire Elementalist began the
                  | quest for the Orb.
     0 | D:1      | Firecrotchwizard set off with the following spells
                  | memorised: Foxfire, Scorch, Kindle Blastsparks, Inner
                  | Flame, Flame Wave.
     0 | D:1      | Reached XP level 1. HP: 15/15 MP: 0/0
    55 | D:1      | HP: 4/16 [quokka (2)]
    70 | D:1      | Reached skill level 1 in Fighting
    70 | D:1      | Reached XP level 2. HP: 5/22 MP: 0/0
    74 | D:1      | HP: 3/22 [quokka (3)]
    76 | D:1      | Slain by a quokka

Illustrated notes

Levels and vault maps discovered:
D:1:      minmay_arrival_plants_in_alcoves, layout_basic,
          chequers_serial_rivers_room_a, minmay_misc_feat_pillars

Skill      XL: |  1 |
---------------+----+-----
Fighting       | 1 |  1.0
Dodging        | |  2.1
Stealth        | |  1.5
Spellcasting   | |  2.6

Action                     || total
---------------------------++-------
   Cast: Foxfire           ||    14
 Armour: Robe              ||     3
  Dodge: Dodged            ||    17

Table legend: (Time is in decaauts)
 A = Elapsed time spent in this place.
 B = Non-inter-level travel time spent in this place.
 C = Inter-level travel time spent in this place.
 D = Time resting spent in this place.
 E = Time spent auto-exploring this place.
 F = Levels seen in this place.
 G = Mean time per level.
                   A        B        C        D        E       F      G
               +--------+--------+--------+--------+--------+-----+--------+
         Total |     76 |     76 |      0 |      0 |     24 |   1 |   76.0 |
       Dungeon |     76 |     76 |      0 |      0 |     24 |   1 |   76.0 |
               +--------+--------+--------+--------+--------+-----+--------+

Top non-repeatable levels by time:
     D:1: 76 daAuts

Table legend:
 A = Kills in this place as a percentage of kills in the entire game.
 B = Kills by you in this place as a percentage of kills by you in the entire game.
 C = Kills by friends in this place as a percentage of kills by friends in the entire game.
 D = Other kills in this place as a percentage of other kills in the entire game.
 E = Experience gained in this place as a percentage of experience gained in the entire game.
 F = Experience gained in this place divided by the number of levels of this place that you have seen.
                   A       B       C       D       E      F
               +-------+-------+-------+-------+-------+----------------------
         Total | 100.0 | 100.0 |   N/A |   N/A | 100.0 |  10.0
       Dungeon | 100.0 | 100.0 |   N/A |   N/A | 100.0 |  10.0
               +-------+-------+-------+-------+-------+----------------------
